Map: Lightshade LE

Players

Maru

  • Race: Terran Terran
  • Spawn Location: 11:00

Reynor - Winner!

  • Race: Zerg Zerg
  • Spawn Location: 5:00

Event: IEM Katowice 2021

VOD

Have the link to the VOD?

Description

Time

  • Played on: Feb. 28, 2021, 9:26 a.m.
  • Length: 6:13

All games in this series

Show
View Real Time Build Order
Export as new Build Order

Maru Terran 

Build Orders: Reaper Expand 

Get SALT Encoding   

  12  0:00  SCV  
  13  0:12  SCV  
  14  0:17  Supply Depot  
  14  0:24  SCV  
  15  0:38  SCV  
  15  0:41  Refinery  
  16  0:44  Barracks  
  16  0:51  SCV  
  17  1:03  SCV  
  18  1:15  SCV  
  19  1:31  Reaper, Orbital Command  
  20  1:40  Command Center  
  20  1:58  SCV  
  20  2:00  Factory  
  21  2:03  Supply Depot  
  21  2:10  SCV  
  22  2:17  Barracks Reactor  
  22  2:19  Refinery  
  22  2:22  SCV  
  22  2:25  Marine  
  23  2:34  SCV  
  22  2:44  Barracks Reactor  
  22  2:47  SCV  
  23  3:08  SCV, Orbital Command  
  24  3:14  Starport  
  24  3:20  SCV  
  24  3:21  Refinery  
  24  3:23  Hellion x2  
  29  3:32  SCV  
  29  3:34  SCV  
  31  3:42  Supply Depot  
  31  3:44  SCV  
  31  3:45  Hellion x2  
  31  3:47  SCV  
  37  3:52  Viking  
  39  3:56  SCV  
  39  3:59  SCV  
  41  4:07  Starport  
  41  4:08  SCV  
  42  4:13  SCV  
  43  4:17  Starport  
  43  4:20  SCV, Supply Depot  
  44  4:27  Starport Tech Lab  
  44  4:29  SCV  
  45  4:32  SCV  
  46  4:41  SCV  
  47  4:51  SCV, Fusion Core  
  47  4:52  Starport Tech Lab  
  48  4:54  SCV  
  48  4:56  Hellion, Refinery  
  53  5:01  Banshee, Supply Depot  
  53  5:03  Hellion, SCV  
  53  5:06  SCV  
  58  5:13  Banshee  
  61  5:17  SCV  
  57  5:26  Engineering Bay  
  57  5:27  Engineering Bay  
  56  5:33  SCV  
  56  5:35  Factory Tech Lab  
  52  5:36  SCV  
  45  5:45  SCV  
  45  5:48  SCV  
  33  5:57  SCV  
  33  6:00  SCV  
Show
View Real Time Build Order
Export as new Build Order

Reynor Zerg - Winner!

Build Orders: Pool First 

Get SALT Encoding   

  12  0:00  Drone  
  13  0:12  Overlord  
  13  0:16  Drone  
  14  0:30  Drone x2  
  16  0:39  Spawning Pool  
  15  0:43  Drone  
  15  0:46  Drone  
  17  1:07  Hatchery  
  17  1:10  Drone  
  17  1:24  Extractor  
  16  1:27  Zergling x4  
  16  1:28  Zergling x2  
  16  1:30  Queen  
  21  1:38  Overlord  
  21  1:49  Drone  
  22  1:59  Drone  
  23  2:06  Queen  
  25  2:11  Drone  
  26  2:21  Drone  
  27  2:23  Drone  
  28  2:31  Overlord  
  28  2:32  Drone  
  29  2:40  Drone  
  29  2:43  Drone x2  
  32  2:47  Drone  
  32  2:50  Drone  
  31  2:52  Drone  
  32  2:59  Hatchery  
  32  3:03  Drone  
  32  3:04  Drone  
  33  3:07  Drone  
  34  3:14  Queen  
  34  3:16  Zergling x2  
  34  3:17  Drone  
  34  3:19  Drone  
  39  3:21  Drone  
  39  3:25  Roach Warren  
  39  3:26  Zergling x2  
  40  3:28  Overlord  
  40  3:32  Drone  
  41  3:44  Overlord  
  41  3:50  Queen  
  43  4:05  Roach x2  
  43  4:06  Roach x4  
  43  4:08  Roach  
  57  4:10  Queen  
  57  4:12  Roach x2  
  63  4:18  Drone  
  63  4:22  Overlord  
  63  4:23  Drone x2  
  66  4:26  Overlord  
  66  4:32  Overlord  
  66  4:36  Overlord  
  66  4:40  Drone  
  66  4:41  Drone x2  
  66  4:44  Overlord, Spore Crawler  
  66  4:45  Drone  
  69  4:49  Drone x3  
  69  4:52  Ravager x2  
  74  4:53  Queen  
  74  4:57  Drone x2  
  78  5:01  Drone  
  78  5:02  Drone  
  78  5:06  Overlord  
  80  5:07  Drone x2  
  80  5:08  Drone  
  80  5:13  Overlord  
  83  5:17  Overlord, Drone x2  
  83  5:20  Ravager  
  86  5:22  Overlord, Drone x3  
  89  5:31  Queen  
  89  5:34  Zergling x8  
  93  5:39  Overlord  
  90  5:47  Drone x2  
  90  5:52  Drone x3  
  90  5:54  Drone x2  
  90  5:56  Drone  

Tags
 
Add a new tag
Caveats
  • Supply blocks, unpowered buildings, or Contaminate may cause inaccurate times.
  • Supply counts are checked every 10 seconds.